 Dungeon Crawl Stone Soup version 0.19-a0-1013-g40768a3 (webtiles) character file.

1543 HAL9000 the Basher (level 8, -5/92 HPs)
             Began as an Ogre Berserker on July 24, 2016.
             Was a Priest of Trog.
             Shot with an arrow by a centaur (9 damage)
             ... on level 6 of the Dungeon.
             The game lasted 00:08:56 (5912 turns).

HAL9000 the Basher (Ogre Berserker)                 Turns: 5912, Time: 00:08:57

Health: -5/92      AC:  4    Str: 21    XL:     8   Next: 87%
Magic:  8/8        EV: 11    Int:  6    God:    Trog [***...]
Gold:   178        SH:  0    Dex: 11    Spells: 0 memorised, 7 levels left

rFire  . . .     SeeInvis .     y - +6 flail (crush)
rCold  . . .     Gourm    .     b - +0 animal skin
rNeg   . . .     Faith    .     (no shield)
rPois  .         Spirit   .     L - +1 hat
rElec  .         Dismiss  .     (no cloak)
rCorr  .         Reflect  .     (gloves unavailable)
SustAt .         Harm     .     (boots unavailable)
MR     ++...                    (no amulet)
Stlth  +.........               (no ring)
                                (no ring)

@: exhausted, regenerating, slowed, very slow, very resistant to hostile
enchantments, very unstealthy
A: unfitting armour, mutation resistance 1, tough skin 1, weak 1
a: Berserk, Trog's Hand, Burn Spellbooks, Renounce Religion


You were on level 6 of the Dungeon.
You worshipped Trog.
Trog was most pleased with you.
You were not hungry.

You visited 1 branch of the dungeon, and saw 6 of its levels.

You collected 178 gold pieces.

Inventory:

Hand Weapons
 y - a +6 flail of crushing (weapon)
Missiles
 B - a throwing net (quivered)
Armour
 b - a +0 animal skin (worn)
 f - a +0 shield
 L - a +1 hat (worn)
Jewellery
 z - an uncursed ring of fire {unknown}
Wands
 J - a wand of acid (7/15)
Scrolls
 d - 6 scrolls of identify
 i - 4 scrolls of amnesia
 u - a scroll of remove curse
 C - a scroll of enchant armour {unknown}
 D - a scroll of teleportation {unknown}
 F - a scroll of enchant weapon {unknown}
 H - a scroll of fog {unknown}
Potions
 l - 3 potions of brilliance
 m - 4 potions of might
 t - a potion of mutation
 E - a potion of ambrosia {unknown}
 I - a potion of agility {unknown}
 K - a potion of heal wounds {unknown}
Books
 p - an Akashic Record

   Spells                             Type                      Level
   a - Dispersal                      Translocation                6
   b - Malign Gateway                 Summoning/Translocation      7
   c - Disjunction                    Translocation                8
   d - Controlled Blink               Translocation                8
   Trog disapproves of the use of such an item.
Comestibles
 c - 3 bread rations
 k - 3 meat rations
 n - a slice of pizza
 v - 12 fruits
 A - a beef jerky


   Skills:
 + Level 9.1 Fighting
 * Level 11.6 Maces & Flails
 + Level 3.3 Dodging


You had 7 spell levels left.
You didn't know any spells.

Dungeon Overview and Level Annotations

Branches:
Dungeon (6/15)             Temple (0/1) D:5

Altars:
Dithmenos
Makhleb
Pakellas
Xom


Innate Abilities, Weirdness & Mutations

You are too large for most types of armour.
You have tough skin. (AC +1)
You are somewhat resistant to further mutation.
You are weak. (Str -2)


Message History

The centaur shoots an arrow.
The arrow hits you.
* * * LOW HITPOINT WARNING * * *
The centaur shoots an arrow.
The arrow hits you.
* * * LOW HITPOINT WARNING * * *
You see here 3 arrows.
The centaur shoots an arrow.
The arrow barely misses you.
You see here an arrow.
The centaur shoots an arrow.
The arrow hits you.
* * * LOW HITPOINT WARNING * * *
You see here an arrow.
Your skin crawls.
You feel resistant to hostile enchantments.
You feel quite a bit more hungry.
The centaur shoots an arrow.
The arrow hits you!
* * * LOW HITPOINT WARNING * * *
Okay, then.
As you read the scroll labeled JOGOTZ YNOUGE, it crumbles to dust.
You feel aware of your surroundings.
It was a scroll of magic mapping.
The centaur shoots an arrow.
The arrow hits you!
You die...

** *,**#.#.[##.# #...#*,**** *
*.###....)..# #...#*,****
********.......)#### #...#*,#*,,
**,,,,,*#######)#######...##.##,*
**,,*,,****** #.##.c...........,*
**,***,,,,,,###....†)).........,,
**,,*,,**##.#.%.(((...c........**
*,,,,,**<...>..(##.###...#####**
*******#.###...@##.# #...# * *,*
#.(..##.# #...# * * *,**#.#####.#
#...# * *** *,,...****#.#*#...# *
,,* **###.,,,,...,##.##******
,,**** *,*,,,...,**.c,,,,,*
*,,,,********,*,,****,********,**
,,**,,,,,,,,,,*,,*,,,,,,,,,*,,,,,
,,*************,,*,**,*,**,*,*,*,


You could see a centaur.

Vanquished Creatures
  The ghost of Shenda the Slasher, a novice GrFi (D:6)
  Edmund (D:4)
  An ogre (D:5)
  A centaur (D:6)
  2 giant frogs
  3 scorpions
  A howler monkey (D:4)
  A hound (D:5)
  A jelly (D:6)
  A quasit (D:6)
  3 orc priests
  A giant frog skeleton (D:6)
  5 orc wizards
  2 worker ants
  The ghost of 4thArraOfDagon the Skirmisher, a weakling CeAK of Lugonu (D:5)
  An adder (D:6)
  4 gnolls (D:2)
  A shadow imp (D:4)
  An adder skeleton (D:5)
  4 worms
  3 dart slugs
  4 giant geckos
  20 orcs
  A ball python (D:3)
  5 giant cockroaches
  10 hobgoblins
  2 jackals (D:2)
  A quokka (D:4)
  8 bats
  9 giant newts
  10 goblins
  4 kobolds
  A quokka skeleton (D:5)
  A quokka zombie (D:6)
  9 rats
124 creatures vanquished.

Notes
Turn   | Place    | Note
-------+----------+-------------------------------------------
     0 | D:1      | HAL9000 the Ogre Berserker began the quest for the Orb.
     0 | D:1      | Reached XP level 1. HP: 24/24 MP: 1/1
   166 | D:1      | Reached XP level 2. HP: 31/32 MP: 2/2
   999 | D:1      | Reached skill level 5 in Maces & Flails
   999 | D:1      | Reached XP level 3. HP: 36/40 MP: 3/3
  1327 | D:2      | Found a faded altar of an unknown god.
  1422 | D:2      | Reached ** piety under Trog
  1819 | D:2      | Reached skill level 5 in Fighting
  1871 | D:2      | Found a shimmering altar of Xom.
  1963 | D:2      | Reached XP level 4. HP: 50/50 MP: 4/4
  2181 | D:3      | Reached skill level 6 in Maces & Flails
  2185 | D:3      | Found an oddly glowing altar of Pakellas.
  2400 | D:3      | Reached XP level 5. HP: 57/57 MP: 5/5
  3309 | D:4      | Noticed Edmund
  3323 | D:4      | Killed Edmund
  3323 | D:4      | Reached skill level 7 in Maces & Flails
  3323 | D:4      | Reached XP level 6. HP: 39/68 MP: 6/6
  3441 | D:4      | Reached *** piety under Trog
  3687 | D:4      | Reached skill level 8 in Maces & Flails
  3862 | D:4      | Found a shadowy altar of Dithmenos.
  4097 | D:5      | Entered Level 5 of the Dungeon
  4153 | D:5      | Found a staircase to the Ecumenical Temple.
  4250 | D:5      | Reached XP level 7. HP: 48/76 MP: 7/7
  4568 | D:5      | Noticed 4thArraOfDagon's ghost (weakling CeAK)
  4772 | D:5      | Reached skill level 9 in Maces & Flails
  4788 | D:5      | Found a burning altar of Makhleb.
  5213 | D:5      | Killed 4thArraOfDagon's ghost
  5347 | D:6      | Reached skill level 10 in Maces & Flails
  5347 | D:6      | Reached XP level 8. HP: 61/88 MP: 8/8
  5418 | D:6      | Noticed Shenda's ghost (novice GrFi)
  5749 | D:6      | Killed Shenda's ghost
  5749 | D:6      | Reached skill level 11 in Maces & Flails
  5877 | D:6      | Gained mutation: You are weak. (Str -2) [potion of mutation]
  5877 | D:6      | Gained mutation: You are somewhat resistant to further mutation. [potion of mutation]
  5880 | D:6      | HP: 4/92 [something (3)]
  5911 | D:6      | HP: 3/92 [centaur/arrow (9)]
  5912 | D:6      | Shot with an arrow by a centaur

Vault maps used:
D:1:      saegor_arrival_simple_b, st_stairs_6, hangedman_glass_teeth
D:2:      nicolae_overflow_hidden_temple, ecumenical_altar_1,
          minmay_fountain_box, uniq_iyjb
D:3:      first_bread, dk_vineyard_1, grunt_pakellas_basics
D:4:      grunt_dithmenos_smoke_and_mirrors, uniq_edmund
D:5:      lightli_temple_of_fire
D:6:      nicolae_lava_and_water

Skill      XL: |  1  2  3  4  5  6  7  8 |
---------------+-------------------------+-----
Maces & Flails | 5 6 7 8 10 11 | 11.6
Fighting       | 5 6 8 9 |  9.1
Dodging        | 3 |  3.3

Action                   |  1- 3 |  4- 6 |  7- 9 || total
-------------------------+-------+-------+-------++-------
Melee: Mace              |   161 |     6 |       ||   167
       Flail             |       |   119 |   101 ||   220
Invok: Berserk           |     1 |     2 |     4 ||     7
       Trog's Hand       |     1 |       |     2 ||     3
  Use: Scroll            |       |       |     6 ||     6
       Potion            |       |       |     6 ||     6
 Stab: Sleeping          |       |     2 |     1 ||     3
  Eat: Chunk             |     4 |     9 |     7 ||    20
       Fruit             |       |     1 |     4 ||     5
Armor: Animal skin       |    52 |    19 |    38 ||   109
Dodge: Dodged            |    84 |    45 |    47 ||   176
